 Dungeon Crawl Stone Soup version 0.27.1-1-g398f81649c (webtiles) character file.

Game seed: 9815530803443716731

10305 zdrol the Bludgeoner (level 11, -1/85 HPs)
             Began as a Minotaur Fighter on Sept 7, 2021.
             Was a Priest of the Shining One.
             Succumbed to a cane toad's poison
             ... on level 1 of the Lair of Beasts.
             The game lasted 00:42:23 (9830 turns).

zdrol the Bludgeoner (Minotaur Fighter)             Turns: 9830, Time: 00:42:24

Health: -1/85      AC: 19    Str: 25    XL:     11   Next: 34%
Magic:  4/11       EV:  6    Int: 11    God:    the Shining One [***...]
Gold:   535        SH: 13    Dex: 15    Spells: 10/10 levels left

rFire    . . .     SeeInvis .   m - +2 morningstar (flame)
rCold    . . .     Faith    .   h - +0 kite shield {AC+3}
rNeg     + . .     Spirit   +   k - +0 plate armour
rPois    .         Reflect  .   G - +2 hat
rElec    .         Harm     .   (no cloak)
rCorr    .         Rampage  .   d - +0 pair of gloves
Will     +....                  q - +0 pair of boots of the Mind {Str+2}
Stlth    ..........             u - amulet of guardian spirit
HPRegen  0.24/turn              b - ring of willpower
MPRegen  0.12/turn              g - ring "Japomin" {*Slow +Blink Fly Int+6 Dex+4}

@: lethally poisoned (-1 -> -8), attractive, flying, glowing
A: horns 2, retaliatory headbutt
a: Renounce Religion, Evoke Blink, Divine Shield


You were on level 1 of the Lair of Beasts.
You worshipped the Shining One.
The Shining One was most pleased with you.
You visited 2 branches of the dungeon, and saw 10 of its levels.

You collected 535 gold pieces.

Inventory:

Hand Weapons
 a - a +0 flail
 m - a +2 morningstar of flaming (weapon)
Missiles
 e - 51 poisoned darts (quivered)
Armour
 d - a +0 pair of gloves (worn)
 h - a +0 kite shield of protection (worn)
 k - a +0 plate armour (worn)
 q - the +0 pair of boots of the Mind (worn) {Str+2}
   (You found it on level 7 of the Dungeon)

   Str:       It affects your strength (+2).
 G - a +2 hat (worn)
Jewellery
 b - a ring of willpower (left hand)
 g - the ring "Japomin" (right hand) {*Slow +Blink Fly Int+6 Dex+4}
   (You acquired it on level 2 of the Dungeon)

   [ring of intelligence]

   Int:       It affects your intelligence (+6).
   Dex:       It affects your dexterity (+4).
   Fly:       It grants you flight.
   +Blink:    It lets you blink.
   *Slow:     It may slow you when you take damage.
 u - an amulet of guardian spirit (around neck)
 z - a ring of resist corrosion
 E - a +4 ring of protection
Wands
 i - a wand of polymorph (6)
 o - a wand of digging (17)
 y - a wand of flame (61)
 B - a wand of iceblast (29)
Scrolls
 c - 3 scrolls of teleportation
 j - 2 scrolls of amnesia
 n - a scroll of fear {unknown}
 p - 3 scrolls of magic mapping {unknown}
 t - 3 scrolls of immolation
 v - 2 scrolls of silence
 w - 3 scrolls of enchant armour {unknown}
 x - a scroll of holy word {unknown}
 H - a scroll of brand weapon {unknown}
 I - a scroll of blinking
Potions
 l - a potion of lignification {unknown}
 r - a potion of haste {unknown}
 s - a potion of brilliance {unknown}
 A - a potion of berserk rage {unknown}
 C - a potion of degeneration {unknown}
 D - 2 potions of might


   Skills:
 - Level 4.3 Fighting
 - Level 16.0 Maces & Flails
 - Level 3.0 Throwing
 - Level 4.9 Armour
 + Level 0.6 Dodging
 - Level 0.1 Stealth
 * Level 11.6 Shields
 + Level 1.7 Invocations
 + Level 1.9 Evocations


You had 10 spell levels left.
You didn't know any spells.
Your spell library contained the following spells:

 Spells                   Type           Power      Damage    Failure   Level
 Animate Skeleton         Necr           0%         N/A       100%        1
 Apportation              Tloc           0%         N/A       100%        1
 Corona                   Hex            0%         N/A       100%        1
 Summon Small Mammal      Summ           0%         N/A       100%        1
 Corpse Rot               Necr/Air       N/A        N/A       100%        2
 Poisonous Vapours        Pois/Air       0%         N/A       100%        2
 Call Canine Familiar     Summ           0%         N/A       100%        3
 Portal Projectile        Hex/Tloc       0%         N/A       100%        3
 Cause Fear               Hex            0%         N/A       100%        4
 Leda's Liquefaction      Hex/Erth       0%         N/A       100%        4
 Blade Hands              Tmut           0%         N/A       100%        5
 Freezing Cloud           Conj/Ice/Air   0%         6-21      100%        5
 Irradiate                Conj/Tmut      0%         3d14      100%        5
 Dragon Form              Tmut           0%         N/A       100%        7
 Malign Gateway           Summ/Tloc      0%         N/A       100%        7
 Summon Horrible Things   Summ           0%         N/A       100%        8
 Dragon's Call            Summ           0%         N/A       100%        9


Dungeon Overview and Level Annotations

Branches:
Dungeon (9/15)             Temple (0/1) D:5            Lair (1/6) D:8
    Orc: D:9-12

Altars:
Ashenzari
Elyvilon
Kikubaaqudgha
Nemelex Xobeh
Vehumet
Wu Jian
Xom
The Shining One

Shops:
D:4 [*[(   D:6 *   D:9 *


Innate Abilities, Weirdness & Mutations

You have a pair of horns on your head.
You reflexively headbutt those who attack you in melee.


Message History

A cane toad comes into view.
The cane toad gives a loud, deep croak!
The cane toad stings you!!
There is an open door, spattered with blood here.
The cane toad stings you.
The cane toad stings you but does no damage.
The cane toad stings you!
You are poisoned.
The cane toad poisons you! The cane toad stings you!
You feel very sick.
You feel very sick.
You feel very sick. The cane toad stings you!
* * * LOW HITPOINT WARNING * * *
You feel sick.
You reach down and open the door.
You feel sick. The cane toad stings you.
* * * LOW HITPOINT WARNING * * *
You block the cane toad's attack.
You feel better. The cane toad completely misses you. You furiously retaliate!
You headbutt the cane toad.
As you read the scroll of teleportation, it crumbles to dust.
You feel strangely unstable. The cane toad stings you!
* * * LOW HITPOINT WARNING * * *
You are lethally poisoned!
The cane toad poisons you!
* * * LOW HITPOINT WARNING * * *
You feel very sick.
There is an open door here.
Your surroundings suddenly seem different.
* * * LOW HITPOINT WARNING * * *
You feel very sick.
* * * LOW HITPOINT WARNING * * *
You feel very sick.
Okay, then.
Okay, then.
* * * LOW HITPOINT WARNING * * *
You feel very sick.
It was a potion of attraction.
You feel attractive to monsters.
You die...

#..# #....###
##....##+........ ##..
##.....###.....#.#.#####.#
#.## ###....8....#....#
### ... ##........#...# P
#.# ##..>.#......# # #.#
####.#......# # #.#
###..#.### . ####'###
##.....## ....F..#
#@......### ####+#
.......+ #.........#
#..... .......#
#.......#...+.....
.......#
#.......#####.....
.......# #...[...# #.....
.......# #..........P#
#....† #'######
###P.......## #..... #.###
#...#.....# #÷÷... #..P#
###..####...# ##÷###


There were no monsters in sight!

Vanquished Creatures
  A two-headed ogre (D:8)
  Pikel (D:6)
  Joseph (D:8)
  Maggie (D:6)
  3 cane toads (Lair:1)
  A kobold demonologist (D:9)
  4 komodo dragons (Lair:1)
  Grinder (D:6)
  Prince Ribbit (Lair:1)
  3 blink frogs (Lair:1)
  Sigmund (D:5)
  13 yaks (Lair:1)
  Eustachio (D:5)
  3 water moccasins
  2 orc warriors (D:8)
  2 black bears
  An ice beast (D:8)
  2 sky beasts
  A necrophage (D:3)
  An ogre (D:4)
  2 centaurs
  A lemure (D:6)
  3 kobold brigands
  7 bullfrogs
  5 scorpions
  6 killer bees (D:9)
  4 jellies
  2 bullfrog zombies (D:6)
  5 orc priests
  2 centaur skeletons
  4 hounds
  3 iguanas
  4 orc wizards
  A hound skeleton (D:4)
  7 adders
  2 shadow imps (D:6)
  2 worms
  3 dart slugs
  24 orcs
  3 ball pythons
  14 endoplasms
  2 giant cockroaches (D:3)
  11 goblins
  6 hobgoblins
  6 quokkas
  12 bats
  2 frilled lizards
  23 kobolds
  4 rats
  A bush (Lair:1)
215 creatures vanquished.

Vanquished Creatures (others)
  A two-headed ogre (D:9)
  An ugly thing (D:9)
  A yak (D:9)
  A centaur (D:9)
  A bullfrog (D:9)
  A howler monkey (D:9)
  9 fungi
  46 plants
  8 toadstools (D:3)
69 creatures vanquished.

Grand Total: 284 creatures vanquished

Notes
Turn   | Place    | Note
-------+----------+-------------------------------------------
     0 | D:1      | zdrol the Minotaur Fighter began the quest for the Orb.
     0 | D:1      | Reached XP level 1. HP: 19/19 MP: 0/0
   196 | D:1      | Reached XP level 2. HP: 19/27 MP: 1/1
   688 | D:1      | Reached XP level 3. HP: 18/33 MP: 2/2
   993 | D:2      | Reached skill level 3 in Maces & Flails
  1120 | D:2      | Identified a scroll of acquirement
  1120 | D:2      | Acquired the ring "Japomin" {*Slow +Blink Fly Int+6 Dex+4}
  1299 | D:2      | Reached XP level 4. HP: 40/40 MP: 3/3
  2076 | D:3      | Noticed a necrophage
  2091 | D:3      | Killed a necrophage
  2092 | D:3      | Reached skill level 4 in Maces & Flails
  2092 | D:3      | Reached XP level 5. HP: 40/46 MP: 4/4
  2093 | D:3      | Acquired a +0 kite shield of protection
  2311 | D:3      | Found a faded altar of an unknown god.
  2335 | D:3      | Became a worshipper of the Shining One
  2335 | D:3      | Reached * piety under the Shining One
  2454 | D:3      | Reached skill level 5 in Maces & Flails
  2470 | D:3      | Reached XP level 6. HP: 39/52 MP: 5/5
  2788 | D:3      | Found a glowing golden altar of the Shining One.
  2827 | D:3      | Reached skill level 5 in Shields
  3141 | D:4      | Noticed a sky beast
  3156 | D:4      | Killed a sky beast
  3157 | D:4      | Reached skill level 6 in Maces & Flails
  3585 | D:4      | Found a white marble altar of Elyvilon.
  3605 | D:4      | Reached skill level 7 in Maces & Flails
  3605 | D:4      | Reached XP level 7. HP: 37/60 MP: 6/6
  3830 | D:5      | Entered Level 5 of the Dungeon
  3926 | D:4      | Found Rallaur's Armour Emporium.
  3929 | D:4      | Found Paxol's General Store.
  3930 | D:4      | Found Hosahais's Weapon Emporium.
  3930 | D:4      | Found Muebla's Antique Armour Emporium.
  4193 | D:5      | Reached skill level 8 in Maces & Flails
  4307 | D:5      | Found a staircase to the Ecumenical Temple.
  4522 | D:5      | Noticed Sigmund
  4528 | D:5      | Killed Sigmund
  4635 | D:5      | Reached skill level 9 in Maces & Flails
  4841 | D:5      | Noticed Eustachio
  4867 | D:5      | Killed Eustachio
  4868 | D:5      | Reached skill level 10 in Maces & Flails
  4868 | D:5      | Reached XP level 8. HP: 63/67 MP: 7/7
  5134 | D:6      | Found Xitoenob's Assorted Antiques.
  5590 | D:6      | Reached ** piety under the Shining One
  5606 | D:6      | Noticed Maggie
  5620 | D:6      | Killed Maggie
  5621 | D:6      | Reached skill level 11 in Maces & Flails
  5791 | D:6      | Noticed Pikel
  5804 | D:6      | Killed Pikel
  5805 | D:6      | Reached skill level 12 in Maces & Flails
  5805 | D:6      | Reached skill level 1 in Throwing
  5805 | D:6      | Reached XP level 9. HP: 69/72 MP: 8/8
  5868 | D:6      | You are sucked into a shaft and drop 3 floors!
  5873 | D:9      | Noticed a two-headed ogre
  5877 | D:9      | Found a shimmering altar of Xom.
  5877 | D:9      | Noticed a cyan ugly thing
  5940 | D:9      | Killed a two-headed ogre
  6021 | D:9      | Killed a cyan ugly thing
  6159 | D:9      | Reached skill level 13 in Maces & Flails
  6159 | D:9      | Noticed a kobold demonologist
  6172 | D:9      | Noticed a hellwing
  6179 | D:9      | Killed a kobold demonologist
  6252 | D:9      | Found Izets's Lightly-Used Armoury.
  6374 | D:8      | Reached skill level 1 in Evocations
  6381 | D:8      | Found a broken altar of Ashenzari.
  6381 | D:8      | Found a radiant altar of Vehumet.
  6382 | D:8      | Noticed Joseph
  6392 | D:8      | Killed Joseph
  6393 | D:8      | Reached skill level 14 in Maces & Flails
  6560 | D:8      | Found a sparkling altar of Nemelex Xobeh.
  6695 | D:8      | Found an ancient bone altar of Kikubaaqudgha.
  6756 | D:8      | Found an ornate altar of the Wu Jian Council.
  6773 | D:8      | Noticed a two-headed ogre
  6779 | D:8      | Killed a two-headed ogre
  6780 | D:8      | Reached skill level 15 in Maces & Flails
  6780 | D:8      | Reached XP level 10. HP: 63/80 MP: 6/9
  7121 | D:6      | Noticed Grinder
  7130 | D:6      | Killed Grinder
  7805 | D:7      | Reached *** piety under the Shining One
  7816 | D:7      | Identified the +0 pair of boots of the Mind {Str+2}
  8081 | D:7      | Reached skill level 16 in Maces & Flails
  8443 | D:8      | Found a staircase to the Lair.
  8601 | Lair:1   | Entered Level 1 of the Lair of Beasts
  8667 | Lair:1   | Noticed a cane toad
  8673 | Lair:1   | Killed a cane toad
  8759 | Lair:1   | Noticed Prince Ribbit
  8762 | Lair:1   | Reached skill level 1 in Invocations
  8771 | Lair:1   | Killed Prince Ribbit
  8842 | Lair:1   | Noticed a cane toad
  8849 | Lair:1   | Killed a cane toad
  9101 | Lair:1   | Noticed a cane toad
  9108 | Lair:1   | Killed a cane toad
  9109 | Lair:1   | Reached XP level 11. HP: 29/85 MP: 7/11
  9414 | Lair:1   | Reached skill level 10 in Shields
  9828 | Lair:1   | HP: 4/85 [poisoned by a cane toad]
  9829 | Lair:1   | HP: 1/85 [poisoned by a cane toad]
  9830 | Lair:1   | Succumbed to a cane toad's poison

Illustrated notes

Levels and vault maps discovered:
D:1:      lightli_arrival_windingriver, layout_rooms, item_on_display_a
D:2:      layout_loops_ring, serial_bayou_lagoon_a
D:3:      cheibrodos_fertilizer, layout_loops_ring,
          mainiacjoe_overflow_brackets, hellmonk_ecumenical_altar_zigzags,
          serial_aquarium, aquarium_bridge_long_joined
          [aquarium_subvault_bridge, aquarium_subvault_balcony,
          aquarium_subvault_balcony, aquarium_subvault_bridge,
          aquarium_subvault_bridge, aquarium_subvault_bridge],
          aquarium_window_2, aquarium_window_1, aquarium_window_fake,
          aquarium_window_1, aquarium_view_2b, chequers_garden
D:4:      layout_rooms, elyvilon_altar_1, minmay_shop_grid_forest
D:5:      layout_cave_pods, minmay_temple_entry_gardened_gates, uniq_sigmund,
          uniq_eustachio
D:6:      layout_basic, serial_shops, kennysheep_mini, uniq_pikel, uniq_grinder,
          uniq_maggie
D:7:      layout_basic, corexii_corridor_pit, kennysheep_generic_room_2
D:8:      layout_gridville, mainiacjoe_overflow_six_doors_small,
          amcnicky_altar_gilded, marbit_many_paths,
          gammafunk_temple_overflow_statue, grunt_lair_entry_orc_guard_hut,
          uniq_joseph
D:9:      layout_basic, lemuel_doored_altar, xom_confusion_cloud,
          nicolae_blasting_shop, minmay_misc_feat_roman, minmay_shop_damaged,
          grunt_ministairs_14
Lair:1:   layout_roguey, beast_lair_carwin_6, grunt_megastairs_5,
          serial_bayou_shore_b, uniq_prince_ribbit2

Skill      XL: |  1  2  3  4  5  6  7  8  9 10 11 |
---------------+----------------------------------+-----
Shields        | 4 5 9 11 | 11.6
Armour         | 4 |  4.9
Maces & Flails | 3 4 5 7 10 12 15 16 | 16.0
Fighting       | 4 |  4.3
Throwing       | 1 2 3 |  3.0
Evocations     | 1 |  1.9
Invocations    | 1 |  1.7
Dodging        | |  0.6
Stealth        | |  0.1

Action                   |  1- 3 |  4- 6 |  7- 9 | 10-12 || total
-------------------------+-------+-------+-------+-------++-------
Melee: Flail             |    96 |   111 |       |       ||   207
       Headbutt          |    11 |    21 |    30 |    47 ||   109
       Morningstar       |       |    16 |   176 |   156 ||   348
Throw: Dart              |     1 |     1 |    13 |     5 ||    20
Invok: Divine Shield     |       |       |     1 |       ||     1
 Abil: Evoke Blink       |       |       |     1 |       ||     1
  Use: Scroll            |     4 |     4 |     3 |     4 ||    15
       Potion            |       |       |     3 |     2 ||     5
Armor: Scale mail        |    46 |       |       |       ||    46
       Plate armour      |    20 |    86 |    77 |    71 ||   254
Dodge: Dodged            |    35 |    17 |    24 |    22 ||    98
Block: Kite shield       |    58 |    60 |   126 |    78 ||   322
